 Dungeon Crawl Stone Soup version 0.29-a0-962-gc8bbfd0a37 (webtiles) character file.

Game seed: 2649913349211362191

0 mcwallace the Firebug (level 1, -4/10 HPs)
             Began as a Tengu Fire Elementalist on July 31, 2022.
             Slain by a quokka (5 damage)
             ... on level 1 of the Dungeon.
             The game lasted 00:00:33 (109 turns).

mcwallace the Firebug (Tengu Fire Elementalist)      Turns: 109, Time: 00:00:34

Health: -4/10      AC:  2    Str:  8    XL:     1   Next: 0%
Magic:  4/4        EV: 12    Int: 15    God:
Gold:   0          SH:  0    Dex: 14    Spells: 3/4 levels left

rFire   . . .      SeeInvis .   (no weapon)
rCold   . . .      Faith    .   (no shield)
rNeg    . . .      Spirit   .   a - +0 robe
rPois   .          Reflect  .   (helmet restricted)
rElec   .          Harm     .   (no cloak)
rCorr   .          Rampage  .   (no gloves)
Will    .....                   (boots unavailable)
Stlth   ++........              (no amulet)
HPRegen 0.03/turn               (no ring)
MPRegen 0.09/turn               (no ring)

@: no status effects
A: beak, talons 3
a: no special abilities


You were on level 1 of the Dungeon.
You visited 1 branch of the dungeon, and saw 1 of its levels.


Innate Abilities, Weirdness & Mutations

You have a beak for a mouth.
You have claws for feet.


   Skills:
 + Level 0.0 Fighting
 + Level 2.1 Dodging
 - Level 2.0 Stealth
 + Level 2.0 Spellcasting
 + Level 1.3 Conjurations
 + Level 3.2 Fire Magic


You had 3 spell levels left.
You knew the following spells:

 Your Spells              Type           Power      Damage    Failure   Level
a - Foxfire               Conj/Fire      32%        2x1d5     9%          1

Your spell library contained the following spells:

 Spells                   Type           Power      Damage    Failure   Level
 Scorch                   Fire           22%        2d6       9%          2
 Conjure Flame            Conj/Fire      8%         6-21      26%         3
 Inner Flame              Hex/Fire       6%         N/A       34%         3
 Flame Wave               Conj/Fire      8%         2d5       65%         4

Inventory:

Armour
 a - a +0 robe (worn)

Dungeon Overview and Level Annotations

Branches:
Dungeon (1/15) Zot: 5885

Altars:

##.# #.# ####.#
#....# #.####
###.########
#.....##...#
#.#.#v#.###.#
#.#v@r....#.##..
# ###.#.#.......
#.##...####
..###### ####


You could see a quokka (ally target).


Message History

🤖 Initializing magus.rc ...
Options error: Delay interrupt name "hungry" not recognised. (~/.crawlrc:4770) Options error: Bad monster_list_colour key: strict_neutral (~/.crawlrc:4785) Bad channel name for runrest: 'pray:' ✅ Successfully initialized magus.rc [v1.9.6] Welcome, mcwallace the Tengu Fire Elementalist.
The astounding Orb of Zot lies far below, as if waiting for you to find it.
Press ? for a list of commands and other information.
Found a staircase leading out of the dungeon.
As you open the huge gate, it creaks loudly!
There is a huge open gate here.
Found a stone staircase leading down.
You enter the shallow water.
Moving in this stuff is going to be slow.
A quokka comes into view.
Casting: Foxfire (safe; 9% risk of failure)
Press: ? - help, Q - select action Dir - look around, f - activate You conjure some foxfire! 😎 MP[-1]
You lost 1 mp, and now have 3/4 mp.
Casting: Foxfire (safe; 9% risk of failure)
Press: ? - help, Q - select action Dir - look around, f - activate You conjure some foxfire! 😎 MP[-1]
You lost 1 mp, and now have 2/4 mp.
The quokka misses you.
You hit the quokka but do no damage. Your peck misses the quokka.
The quokka bites you. The quokka closely misses you. 😕 HP[-1]
You take 1 damage, and now have 9/10 hp.
You hit the quokka but do no damage. You peck the quokka, but do no damage.
The quokka bites you. 😕 HP[-1]
You take 1 damage, and now have 8/10 hp.
The quokka attacks as you move away! The quokka bites you.
* * * LOW HITPOINT WARNING * * *
😨 HP[-3]
You take 3 damage, and now have 5/10 hp.
MASSIVE DAMAGE!! (PAUSE)
Casting: Foxfire (safe; 9% risk of failure)
Press: ? - help, Q - select action Dir - look around, f - activate You conjure some foxfire!
The quokka bites you.
* * * LOW HITPOINT WARNING * * *
😱 HP[-4] MP[-1]
You take 4 damage, and now have 1/10 hp.
MASSIVE DAMAGE!! (PAUSE)
You lost 1 mp, and now have 1/4 mp.
The foxfire hits the quokka.
The foxfire hits the quokka but does no damage.
The quokka closely misses you.
Casting: Foxfire (safe; 9% risk of failure)
Press: ? - help, Q - select action Dir - look around, f - activate You conjure some foxfire!
The quokka closely misses you. 😱 MP[-1]
You lost 1 mp, and now have 0/4 mp.
The foxfire hits the quokka.
Magic courses through your body. The quokka barely misses you. 😱 MP[+4]
Your mp is fully restored (4).
Casting: Foxfire (safe; 9% risk of failure)
Press: ? - help, Q - select action Dir - look around, f - activate You conjure some foxfire!
The quokka bites you.
Ouch! That really hurt!
You die...

Action                   || total
-------------------------++-------
Melee: Unarmed           ||     2
       Peck              ||     1
 Cast: Foxfire           ||     5
  Use: Potion            ||     1
Dodge: Dodged            ||     5

Levels and vault maps discovered:
D:1:      sevenhm_arrival_forest_fort_small_6, layout_loops_corners,
          shapermc_ecumenical_altar_mp_urbaneastern, serial_bayou_ford_a,
          chequers_serial_rivers_room_b

Notes
Turn   | Place    | Note
-------+----------+-------------------------------------------
     0 | D:1      | mcwallace the Tengu Fire Elementalist began the quest for
                  | the Orb.
     0 | D:1      | Reached XP level 1. HP: 10/10 MP: 4/4
     0 | D:1      | magus.rc [v1.9.6]
   104 | D:1      | HP: 1/10 [quokka (4)]
   109 | D:1      | Slain by a quokka

Vanquished Creatures (others)
  3 foxfires (D:1)
3 creatures vanquished.

Table legend:
 A = Non-vault XP
 B = Vault XP
 C = Vault XP percentage of total XP
 D = Non-vault monster count
 E = Vault monster count
 F = Vault count percentage of total count
                 A         B        C        D         E       F
            +---------+---------+-------+---------+---------+-------
      Total |       0 |       0 |   N/A |       0 |       0 |  -nan
            +---------+---------+-------+---------+---------+-------
            +---------+---------+-------+---------+---------+-------

Illustrated notes

Table legend: (Time is in decaauts)
 A = Elapsed time spent in this place.
 B = Non-inter-level travel time spent in this place.
 C = Inter-level travel time spent in this place.
 D = Time resting spent in this place.
 E = Time spent auto-exploring this place.
 F = Levels seen in this place.
 G = Mean time per level.
                   A        B        C        D        E       F      G
               +--------+--------+--------+--------+--------+-----+--------+
         Total |    113 |    113 |      0 |      0 |     98 |   1 |  113.0 |
       Dungeon |    113 |    113 |      0 |      0 |     98 |   1 |  113.0 |
               +--------+--------+--------+--------+--------+-----+--------+

Top non-repeatable levels by time:
     D:1: 113 daAuts
